 Dungeon Crawl Stone Soup version 0.22-a0-414-gacd343e (webtiles) character file.

154 grindst0ne the Skirmisher (level 5, -3/44 HPs)
             Began as a Human Artificer on May 13, 2018.
             Slain by a hobgoblin
             ... wielding a +0 club
              (5 damage)
             ... on level 3 of the Dungeon.
             The game lasted 00:04:00 (2310 turns).

grindst0ne the Skirmisher (Human Artificer)         Turns: 2310, Time: 00:04:00

Health: -3/44      AC:  5    Str: 13    XL:     5   Next: 63%
Magic:  7/7        EV: 11    Int: 12    God:
Gold:   94         SH:  0    Dex: 13    Spells: 4/4 levels left

rFire    . . .     SeeInvis .   a - +0 short sword
rCold    . . .     Gourm    .   (no shield)
rNeg     . . .     Faith    .   m - +0 ring mail
rPois    .         Spirit   .   (no helmet)
rElec    .         Reflect  .   (no cloak)
rCorr    .         Harm     .   (no gloves)
MR       +....                  (no boots)
Stlth    +.........             (no amulet)
HPRegen  0.14/turn              o - ring of protection from magic
MPRegen  0.10/turn              (no ring)

@: no status effects
A: no striking features
a: no special abilities


You were on level 3 of the Dungeon.
You were not hungry.

You visited 1 branch of the dungeon, and saw 3 of its levels.

You collected 94 gold pieces.

Inventory:

Hand Weapons
 a - a +0 short sword (weapon)
 p - a +0 war axe
Armour
 b - a +0 leather armour
 m - a +0 ring mail (worn)
Jewellery
 o - a ring of protection from magic (left hand)
Wands
 c - a wand of flame (15)
 d - a wand of enslavement (15)
 e - a wand of random effects (15)
Scrolls
 i - a scroll of teleportation
 n - 2 scrolls of magic mapping
 q - a scroll of fear
 r - a scroll of remove curse
 s - a scroll of enchant weapon {unknown}
Potions
 j - a potion of berserk rage {unknown}
 k - 2 potions of curing {unknown}
 l - a potion of might
 t - a potion of degeneration
Comestibles
 f - 5 rations
 g - 4 chunks of flesh


   Skills:
 + Level 5.0 Fighting
 - Level 1.0 Short Blades
 - Level 2.0 Dodging
 - Level 1.0 Stealth
 - Level 3.0 Evocations


You had 4 spell levels left.
You didn't know any spells.
Your spell library contained the following spells:

 Spells                   Type           Power        Failure   Level  Hunger
 Magic Dart               Conj           #...         58%         1    ##.....
 Conjure Flame            Conj/Fire      #.......     91%         3    ####...
 Slow                     Hex            #.......     73%         2    ###....
 Mephitic Cloud           Conj/Pois/Air  #.......     91%         3    ####...
 Blink                    Tloc           N/A          73%         2    ###....
 Call Imp                 Summ           #.......     73%         2    ###....


Dungeon Overview and Level Annotations

Branches:
Dungeon (3/15)

Altars:
Ashenzari
Sif Muna
Uskayaw
Xom


Message History

You barely miss the jackal.
The jackal is almost dead.
The jackal misses you. The hobgoblin hits you with a club.
* * * LOW HITPOINT WARNING * * *
The jackal barely misses you.
You barely miss the jackal.
The jackal is almost dead.
The jackal barely misses you. The hobgoblin closely misses you.
You hit the jackal.
You kill the jackal!
The hobgoblin hits you with a club.
* * * LOW HITPOINT WARNING * * *
You closely miss the hobgoblin. The hobgoblin barely misses you.
You hit the hobgoblin.
The hobgoblin is severely wounded.
The hobgoblin closely misses you.
You hit the hobgoblin but do no damage.
The hobgoblin is severely wounded.
The hobgoblin hits you with a club.
You die...

*,* *,,,...****####### *** *,*
*,**#.#* #..##.# ,,* *,*
#,###.######..##.# *,* *,*
#.#..............#
*,***,***##.#.#.######..#### #
*,,,,,,,,.....#.######..# #
,,,,,,****#,#(......##..#########
******* #.#.#†###.......(....##
###.#..#@#####...#####.##
#.....###g##.......÷.....
#$###..#..##.##..####.... *****,*
#...#.##.*#..# #..## *,,,,,*
#..h#.##,*#..#**#..# *,*****
#...#.#*,*#...,....#* *,*
#......,,*#(.#####.., *,*
#..?...,,,...# #### *,*
#.#.#.##**#.## #


You could see a hobgoblin.

Vanquished Creatures
  3 gnolls (D:3)
  4 adders
  An ooze (D:2)
  2 worms
  3 dart slugs
  3 leopard geckos
  4 giant cockroaches
  6 goblins
  7 hobgoblins
  8 jackals (D:3)
  6 kobolds
  A ball python (D:2)
  10 bats
  6 frilled lizards
  9 rats
73 creatures vanquished.

Notes
Turn   | Place    | Note
-------+----------+-------------------------------------------
     0 | D:1      | grindst0ne the Human Artificer began the quest for the Orb.
     0 | D:1      | Reached XP level 1. HP: 15/15 MP: 3/3
   184 | D:1      | Reached skill level 2 in Fighting
   184 | D:1      | Reached XP level 2. HP: 22/22 MP: 4/4
   408 | D:1      | Reached XP level 3. HP: 22/28 MP: 5/5
   496 | D:1      | Found a shattered altar of Ashenzari.
   640 | D:1      | Reached skill level 3 in Fighting
  1034 | D:2      | Reached XP level 4. HP: 34/35 MP: 6/6
  1053 | D:2      | Found a shimmering altar of Xom.
  1061 | D:2      | Found a hide-covered altar of Uskayaw.
  1061 | D:2      | Found a deep blue altar of Sif Muna.
  1067 | D:2      | Found a sacrificial altar of Ru.
  1067 | D:2      | Found a shattered altar of Ashenzari.
  1067 | D:2      | Found an ancient bone altar of Kikubaaqudgha.
  1362 | D:2      | Reached skill level 4 in Fighting
  1874 | D:3      | Reached XP level 5. HP: 29/43 MP: 7/7
  1996 | D:3      | HP: 1/43 [gnoll/club (7)]
  2273 | D:3      | Reached skill level 5 in Fighting
  2307 | D:3      | HP: 2/44 [hobgoblin/club (2)]
  2310 | D:3      | Slain by a hobgoblin

Vault maps used:
D:1:      lemuel_arrival_cross, evilmike_ruin_ashenzari
D:2:      doesnt_xom_only_xom, minmay_pentomino_o2
D:3:      minitemple, first_ration

Skill      XL: |  1  2  3  4  5 |
---------------+----------------+-----
Fighting       | 2 3 4 5 |  5.0
Short Blades   | |  1.0
Dodging        | |  2.0
Stealth        | |  1.0
Evocations     | |  3.0

Action                   |  1- 3 |  4- 6 || total
-------------------------+-------+-------++-------
Melee: Short sword       |   131 |   223 ||   354
  Use: Scroll            |       |     6 ||     6
       Potion            |       |     2 ||     2
 Stab: Sleeping          |     1 |       ||     1
  Eat: Chunk             |     1 |     4 ||     5
Armor: Leather armour    |    27 |       ||    27
       Ring mail         |    22 |   127 ||   149
Dodge: Dodged            |    75 |   158 ||   233

Table legend:
 A = Spawn XP
 B = Non-spawn XP
 C = Spawn XP percentage of total XP
 D = Spawn monster count
 E = Non-spawn monster count
 F = Spawn count percentage of total count
 G = Total turns spent on level
                    A         B        C        D         E        F      G
               +---------+---------+-------+---------+---------+-------+---------
         Total |       0 |     221 |   0.0 |       0 |      73 |   0.0 |  2310
               +---------+---------+-------+---------+---------+-------+---------
           D:1 |       0 |      42 |   0.0 |       0 |      26 |   0.0 |   825
           D:2 |       0 |      69 |   0.0 |       0 |      20 |   0.0 |   731
           D:3 |       0 |     110 |   0.0 |       0 |      27 |   0.0 |   754
               +---------+---------+-------+---------+---------+-------+---------
